 Dungeon Crawl Stone Soup version 0.23-a0-756-g517b432 (webtiles) character file.

55 Noddy the Stinger (level 3, 0/26 HPs)
             Began as a Draconian Venom Mage on Jan 18, 2019.
             Was an Initiate of Ashenzari.
             Slain by a water moccasin (8 damage)
             ... while paralysed by Grinder
             ... on level 3 of the Dungeon.
             The game lasted 00:07:53 (2124 turns).

Noddy the Stinger (Draconian Venom Mage)            Turns: 2124, Time: 00:07:54

Health: 0/26       AC:  7    Str: 10    XL:     3   Next: 67%
Magic:  6/6        EV:  2    Int: 16    God:    Ashenzari [......]
Gold:   110        SH:  0    Dex: 11    Spells: 3/6 levels left

rFire    . . .     SeeInvis .   t - +4 whip (elec)
rCold    + . .     Gourm    .   (no shield)
rNeg     . . .     Faith    .   (armour unavailable)
rPois    .         Spirit   .   (helmet restricted)
rElec    .         Reflect  .   k - +0 cloak
rCorr    .         Harm     .   (no gloves)
MR       .....                  f - +0 pair of boots
Stlth    ++........             j - amulet of magic regeneration
HPRegen  0.08/turn              o - +4 ring of evasion
MPRegen  0.35/turn              w - ring of protection from cold

@: paralysed, lethally poisoned (0 -> -7)
A: unfitting armour, cold-blooded, AC +5
a: Curse Item, Renounce Religion


You were on level 3 of the Dungeon.
You worshipped Ashenzari.
Ashenzari was noncommittal.
You were not hungry.

You visited 1 branch of the dungeon, and saw 3 of its levels.

You collected 110 gold pieces.

Inventory:

Hand Weapons
 i - a +0 dagger
 t - a +4 whip of electrocution (weapon)
Missiles
 a - 67 stones (quivered)
 e - 22 arrows
Armour
 f - a +0 pair of boots (worn)
 k - a +0 cloak (worn)
 s - a scarf of spirit shield
Jewellery
 j - an amulet of magic regeneration (around neck)
 o - a +4 ring of evasion (left hand)
 w - a ring of protection from cold (right hand)
Wands
 r - a wand of random effects (11)
Scrolls
 d - 3 scrolls of identify {unknown}
 n - 2 scrolls of enchant weapon {unknown}
 p - a scroll of fear {unknown}
 u - a scroll of random uselessness {unknown}
 x - a scroll of fog {unknown}
Potions
 g - 2 potions of haste {unknown}
 h - a potion of lignification {unknown}
 l - 2 potions of berserk rage {unknown}
 m - 2 potions of might {unknown}
 q - a potion of flight {unknown}
 v - 2 potions of curing {unknown}
Comestibles
 b - 9 rations
 c - 5 chunks of flesh


   Skills:
 + Level 0.2 Fighting
 + Level 0.2 Maces & Flails
 + Level 2.1 Dodging
 - Level 1.8 Stealth
 + Level 2.2 Spellcasting
 + Level 1.1 Conjurations
 * Level 1.1 Air Magic
 + Level 3.8 Poison Magic


You had 3 spell levels left.
You knew the following spells:

 Your Spells              Type           Power        Failure   Level  Hunger
a - Sting                 Conj/Pois      #...         8%          1    #......
b - Poisonous Vapours     Pois/Air       #.....       11%         2    ###....

Your spell library contained the following spells:

 Spells                   Type           Power        Failure   Level  Hunger
 Mephitic Cloud           Conj/Pois/Air  #.......     26%         3    ###....
 Olgreb's Toxic Radiance  Pois           ##......     38%         4    #####..
 Venom Bolt               Conj/Pois      #.........   90%         5    ######.


Dungeon Overview and Level Annotations

Branches:
Dungeon (3/15)

Altars:
Ashenzari
Vehumet

Annotations:
D:3 Grinder


Innate Abilities, Weirdness & Mutations

Your plain brown scales are hard. (AC +5)
You cannot fit into any form of body armour.
You are cold-blooded and may be slowed by cold attacks.


Message History

Grinder shouts!
The hobgoblin closely misses you. Grinder gestures at you.
Pain shoots through your body!
You hit the hobgoblin.
The hobgoblin is heavily wounded.
The water moccasin seems less confused.
The hobgoblin barely misses you. The water moccasin barely misses you.
You hit the water moccasin.
The water moccasin is heavily wounded.
The hobgoblin hits you but does no damage.
The water moccasin bites you but does no damage.
Grinder gestures at you.
You suddenly lose the ability to move!
The water moccasin bites you.
You are poisoned.
The water moccasin poisons you! The hobgoblin hits you.
Grinder says, "Tell me all your secrets, or I'll kill you."
You feel sick. The water moccasin bites you!
You die...

###
##.##..#.#.#.#.#..
.....
#.....#..#.......
....#
#####.....#.#.#...
..
#................
#......(..#.#....
#.[..............
#.........#......
#.........S......
########.@g......
+...5..... .
+.......## .
+...##...# . #...#
.>. ##### .# . . #


You could see Grinder, a water moccasin and a hobgoblin.

Vanquished Creatures
  2 worms
  A dart slug (D:1)
  2 leopard geckos (D:3)
  A ball python (D:1)
  5 bats
  2 giant cockroaches (D:1)
  8 goblins
  5 hobgoblins
  A quokka (D:2)
  5 frilled lizards
  6 kobolds
  8 rats
46 creatures vanquished.

Notes
Turn   | Place    | Note
-------+----------+-------------------------------------------
     0 | D:1      | Noddy the Draconian Venom Mage began the quest for the Orb.
     0 | D:1      | Reached XP level 1. HP: 14/14 MP: 3/3
   393 | D:1      | Reached XP level 2. HP: 20/20 MP: 3/5
   397 | D:1      | Learned a level 2 spell: Poisonous Vapours
   577 | D:1      | Found a shattered altar of Ashenzari.
   585 | D:1      | Became a worshipper of Ashenzari the Shackled
  1258 | D:2      | Reached XP level 3. HP: 26/26 MP: 0/6
  1980 | D:3      | Found a radiant altar of Vehumet.
  2010 | D:3      | Reached skill level 1 in Air Magic
  2109 | D:3      | Noticed a water moccasin
  2119 | D:3      | Noticed Grinder
  2122 | D:3      | Paralysed by Grinder for 4 turns
  2124 | D:3      | Slain by a water moccasin

Vault maps used:
D:1:      mrwooster_arrival_statue_2, ashenzari_altar_1
D:3:      vehumet_crystals, chequers_ecumenical_altar_twisty,
          hangedman_decor_riveting, kennysheep_cross_bottleneck, uniq_grinder,
          uniq_robin

Skill      XL: |  1  2  3 |
---------------+----------+-----
Dodging        | 2 |  2.1
Air Magic      | 1 |  1.1
Fighting       | |  0.2
Maces & Flails | |  0.2
Stealth        | |  1.8
Spellcasting   | |  2.2
Conjurations   | |  1.1
Poison Magic   | |  3.8

Action                   || total
-------------------------++-------
Melee: Unarmed           ||     3
       Dagger            ||   115
       Tailslap          ||     9
       Whip              ||    30
 Cast: Sting             ||    13
       Poisonous Vapours ||     4
Evoke: Wand              ||     2
 Stab: Sleeping          ||     5
  Eat: Chunk             ||     4
Armor: Skin              ||    60
Dodge: Dodged            ||   110

Table legend:
 A = Non-vault XP
 B = Vault XP
 C = Vault XP percentage of total XP
 D = Non-vault monster count
 E = Vault monster count
 F = Vault count percentage of total count
                 A         B        C        D         E       F
            +---------+---------+-------+---------+---------+-------
      Total |      79 |       0 |   0.0 |      46 |       0 |   0.0
            +---------+---------+-------+---------+---------+-------
        D:1 |      33 |       0 |   0.0 |      21 |       0 |   0.0
        D:2 |      28 |       0 |   0.0 |      18 |       0 |   0.0
        D:3 |      18 |       0 |   0.0 |       7 |       0 |   0.0
            +---------+---------+-------+---------+---------+-------
